 Dungeon Crawl Stone Soup version 0.30-a0-591-g3c58d2bc28 (webtiles) character file.

Game seed: 192797425264432707

3275 Leeroy the Martial Artist (level 10, -3/71 HPs)
             Began as a Merfolk Transmuter on Jan 4, 2023.
             Killed from afar by an orc wizard (5 damage)
             ... with a puff of flame
             ... on level 8 of the Dungeon.
             The game lasted 00:15:32 (7392 turns).

Leeroy the Martial Artist (Merfolk Transmuter)      Turns: 7392, Time: 00:15:33

Health: -3/71      AC: 11    Str: 10    XL:     10   Next: 0%
Magic:  12/13      EV: 14    Int: 17    God:
Gold:   473        SH:  0    Dex: 15    Spells: 5/13 levels left

rFire   . . .      SeeInvis .      - Unarmed
rCold   + . .      Faith    .    (no shield)
rNeg    . . .      Spirit   .    v - +2 leather armour {rC+}
rPois   +          Reflect  .    z - +0 helmet
rElec   .          Harm     .    (no cloak)
rCorr   .          Rampage  .    C - +1 pair of gloves
Will    .....                    V - +2 pair of boots {Fly}
Stlth   +                        x - amulet of magic regeneration
HPRegen 0.31/turn                c - ring of flight
MPRegen 0.53/turn                H - ring of poison resistance

@: flying, very slightly contaminated
A: (nimble swimmer 2), mertail
a: no special abilities


You were on level 8 of the Dungeon.
You visited 2 branches of the dungeon, and saw 9 of its levels.

You collected 499 gold pieces.
You spent 26 gold pieces at shops.

Inventory:

Hand Weapons
 d - a +3 dagger
 g - a +0 whip of venom
 o - a +4 dagger
 u - a +2 flail of holy wrath
 G - a +0 dagger
 J - a +2 dagger of venom
 K - a +2 hand axe of freezing
 R - a +0 rapier
Missiles
 f - 10 poisoned darts
Armour
 a - a +0 robe
 l - a +0 pair of gloves
 v - a +2 leather armour of cold resistance (worn)
 z - a +0 helmet (worn)
 C - a +1 pair of gloves (worn)
 P - a +2 robe of positive energy
 S - a +3 scale mail of cold resistance
 V - a +2 pair of boots of flying (worn)
Jewellery
 c - a ring of flight (left hand)
 x - an amulet of magic regeneration (around neck)
 A - a ring of fire
 B - a ring of protection from cold
 H - a ring of poison resistance (right hand)
 I - a ring of protection from cold
Wands
 N - a wand of digging (7)
 Q - a wand of charming (3)
 T - a wand of flame (27)
Scrolls
 h - 3 scrolls of poison
 k - a scroll of magic mapping {unknown}
 p - a scroll of torment {unknown}
 q - 3 scrolls of enchant weapon
 r - 2 scrolls of vulnerability {unknown}
 s - 4 scrolls of teleportation {unknown}
 w - 2 scrolls of blinking {unknown}
 y - 2 scrolls of fog {unknown}
 F - 2 scrolls of noise {unknown}
 L - 3 scrolls of silence {unknown}
 M - 2 scrolls of identify
 U - a scroll of brand weapon {unknown}
Potions
 b - 2 potions of brilliance {unknown}
 e - 7 potions of curing
 i - a potion of heal wounds {unknown}
 j - 3 potions of might
 m - a potion of berserk rage {unknown}
 n - 2 potions of mutation {unknown}
 t - 2 potions of degeneration {unknown}
 E - a potion of flight {unknown}
 O - a potion of haste {unknown}


   Skills:
 - Level 3.8 Fighting
 + Level 7.0 Dodging
 - Level 12.0 Unarmed Combat
 - Level 2.0 Spellcasting
 - Level 8.4 Transmutations
 - Level 0.8 Ice Magic
 - Level 0.1 Poison Magic


You had 5 spell levels left.
You knew the following spells:

 Your Spells              Type           Power      Damage    Failure   Level
a - Beastly Appendage     Tmut           60%        N/A       1%          1
b - Spider Form           Tmut/Pois      16%        N/A       14%         3
c - Ice Form              Ice/Tmut       17%        N/A       36%         4

Your spell library contained the following spells:

 Spells                   Type           Power      Damage    Failure   Level
 Wereblood                Tmut           30%        N/A       1%          2
 Freeze                   Ice            16%        1d4       19%         1
 Summon Small Mammal      Summ           4%         N/A       26%         1
 Blink                    Tloc           2%         N/A       36%         2
 Momentum Strike          Conj/Tloc      2%         3d8       36%         2
 Frozen Ramparts          Ice            8%         1d2       50%         3
 Ozocubu's Armour         Ice            4%         N/A       50%         3
 Hailstorm                Conj/Ice       3%         3d3       56%         3
 Call Canine Familiar     Summ           1%         N/A       61%         3
 Lesser Beckoning         Tloc           2%         N/A       61%         3
 Summon Guardian Golem    Hex/Summ       1%         N/A       61%         3
 Ozocubu's Refrigeration  Ice            2%         4d7       100%        7


Dungeon Overview and Level Annotations

Branches:
Dungeon (8/15)             Temple (1/1) D:5
   Lair: D:8-11

Altars:
Cheibriados
Dithmenos
Elyvilon
Fedhas
Gozag
Hepliaklqana
Kikubaaqudgha
Nemelex Xobeh
Okawaru
Qazlal
Ru
Sif Muna
Trog
Uskayaw
Vehumet
Xom
Yredelemnul
Zin
The Shining One

Shops:
D:1 [   D:2 ?   D:5 (   D:6 [


Innate Abilities, Weirdness & Mutations

((You are very nimble when in or above water. (Stealth+, EV+, Speed+++)))
Your lower body shifts to a powerful aquatic tail in water.


Message History

You closely miss the wight. You punch the wight.
The wight is heavily damaged.
The wight hits you with a +0 spear.
You hit the wight but do no damage.
The wight is heavily damaged.
You punch the wight!
You destroy the wight!
The wight hits you from afar with a +5 halberd!
Your life force feels restored.
Your Dodging skill increases to level 7!
You have reached level 10!
You feel clever.
The orc warrior shouts!
You hear a shout!
Things that are here:
a +0 spear; a +0 robe The wight hits you but does no damage.
The wight hits you with a +4 dagger.
The orc warrior hits you from afar with a +2 halberd of freezing.
* * * LOW HITPOINT WARNING * * *
The orc warrior freezes you.
* * * LOW HITPOINT WARNING * * *
The orc warrior hits you from afar with a +2 halberd of freezing.
* * * LOW HITPOINT WARNING * * *
The orc warrior freezes you.
* * * LOW HITPOINT WARNING * * *
The orc warrior closely misses you.
As you read the scroll of fear, it crumbles to dust.
You assume a fearsome visage.
The wight is unaffected. x2
The orc warrior resists with some effort.
The wight closely misses you.
The orc warrior hits you from afar with a +2 halberd of freezing!
* * * LOW HITPOINT WARNING * * *
The orc warrior freezes you.
* * * LOW HITPOINT WARNING * * *
The wight hits you with a +4 dagger.
* * * LOW HITPOINT WARNING * * *
The orc wizard shouts!
The orc wizard points at you and mumbles some strange words.
The puff of flame hits you.
You die...

.......##..# #...
...........# # ...
.......#...# #. #..
.#####.##.# ...
#..###########.##.#
....#............#.##.#
.....o.o##...###.#.##.#
..........o...(..#.##.#
.......@##...# #.#.##.#
....#....zz..#
#......## .
#.....#..###).......
#..........))..#######
###.....######.#
#.....# #.# ###.### #.#
#.. ..# ## ###


You could see an orc warrior, 2 wights, an orc wizard and an orc.

Vanquished Creatures
  A kobold demonologist (D:6)
  A steam dragon (D:8)
  An acid dragon (D:8)
  2 water moccasins
  Duvessa (D:6)
  An orc warrior (D:8)
  3 ice beasts
  4 centaurs
  2 ogres
  A phantom (D:4)
  Blork the orc (D:5)
  A bullfrog (D:8)
  4 scorpions
  A necrophage (D:6)
  6 wights (D:8)
  Dowan (D:6)
  3 howler monkeys
  2 hounds (D:6)
  2 orc priests
  A gnoll bouda (D:6)
  4 iguanas
  5 orc wizards
  6 gnolls
  7 adders
  2 shadow imps (D:8)
  2 white imps
  An ufetubus (D:6)
  4 dart slugs
  18 orcs
  8 endoplasms
  4 giant cockroaches
  5 goblins
  6 hobgoblins
  6 jackals (D:3)
  6 kobolds
  3 quokkas
  6 ball pythons
  5 bats
  2 frilled lizards
  5 rats
144 creatures vanquished.

Notes
Turn   | Place    | Note
-------+----------+-------------------------------------------
     0 | D:1      | Leeroy the Merfolk Transmuter began the quest for the Orb.
     0 | D:1      | Reached XP level 1. HP: 15/15 MP: 3/3
   159 | D:1      | Reached XP level 2. HP: 21/21 MP: 5/5
   163 | D:1      | Found Ithisewown's Armour Shoppe.
   191 | D:1      | Reached skill level 4 in Unarmed Combat
   994 | D:2      | Reached XP level 3. HP: 8/26 MP: 6/6
  1123 | D:2      | Learned a level 3 spell: Spider Form
  1392 | D:2      | Found Lice's Magic Scroll Shop.
  1395 | D:2      | Bought a scroll of identify for 26 gold pieces
  1704 | D:3      | Reached skill level 5 in Unarmed Combat
  1826 | D:3      | Reached XP level 4. HP: 24/32 MP: 3/7
  2210 | D:3      | Reached skill level 6 in Unarmed Combat
  2397 | D:3      | Reached XP level 5. HP: 37/37 MP: 8/8
  2825 | D:4      | Found a glowing silver altar of Zin.
  3071 | D:4      | Reached skill level 5 in Transmutations
  3071 | D:4      | Reached XP level 6. HP: 34/43 MP: 9/9
  3133 | D:4      | Found a snail-covered altar of Cheibriados.
  3162 | D:4      | Found an ancient bone altar of Kikubaaqudgha.
  3222 | D:4      | Found a white marble altar of Elyvilon.
  3336 | D:4      | Learned a level 4 spell: Ice Form
  3843 | D:5      | Entered Level 5 of the Dungeon
  3843 | D:5      | Noticed a water moccasin
  3891 | D:5      | Reached XP level 7. HP: 27/48 MP: 8/10
  4219 | D:5      | Found a bloodstained altar of Trog.
  4416 | D:5      | Reached skill level 7 in Unarmed Combat
  4482 | D:5      | Found a staircase to the Ecumenical Temple.
  4511 | Temple   | Entered the Ecumenical Temple
  4523 | D:5      | Found Ynisa's Weapon Emporium.
  4681 | D:5      | Found an opulent altar of Gozag.
  4691 | D:5      | Reached XP level 8. HP: 51/54 MP: 11/11
  4767 | D:6      | Noticed Blork the orc
  4780 | D:6      | Noticed a cyclops
  4785 | D:5      | Killed Blork the orc
  4789 | D:5      | Reached skill level 8 in Unarmed Combat
  5188 | D:6      | Reached skill level 9 in Unarmed Combat
  5212 | D:6      | Noticed Duvessa
  5404 | D:6      | Killed Duvessa
  5489 | D:6      | Noticed a kobold demonologist
  5659 | D:6      | Found Bauserph's Armour Emporium.
  5685 | D:6      | Reached skill level 10 in Unarmed Combat
  5718 | D:7      | Noticed a hornet
  5718 | D:7      | Found the +8 trident of the Octopus King {venom, rElec
                  | rPois}
  5928 | D:6      | Noticed Dowan
  6036 | D:6      | Killed Dowan
  6037 | D:6      | Reached XP level 9. HP: 62/62 MP: 12/12
  6165 | D:6      | Killed a kobold demonologist
  6166 | D:6      | Reached skill level 11 in Unarmed Combat
  6386 | D:8      | Found a shimmering altar of Xom.
  6694 | D:8      | Noticed a catoblepas
  6698 | D:8      | HP: 3/65 [something/blast of calcifying dust (2)]
  6754 | D:7      | Reached skill level 12 in Unarmed Combat
  7044 | D:7      | You are sucked into a shaft and drop 1 floor!
  7142 | D:8      | Reached skill level 5 in Dodging
  7385 | D:8      | Reached XP level 10. HP: 25/71 MP: 8/13
  7390 | D:8      | HP: 3/71 [orc warrior/+2 halberd of freezing (12)]
  7390 | D:8      | HP: 1/71 [wight/+4 dagger (1)]
  7392 | D:8      | Killed from afar by an orc wizard

Illustrated notes

Levels and vault maps discovered:
D:1:      elethiomel_arrival_quiet, layout_loops_corners, serial_shops,
          nicolae_shop_hallway_plus
D:2:      layout_rooms, serial_shops, nicolae_shop_behind_doors
D:3:      layout_loops_ring, minmay_joined_circles
D:4:      layout_basic, amcnicky_altar_gilded, lemuel_doored_altar,
          mainiacjoe_overflow_two_lobes, minmay_a_box_with_orc_wizards_in_it
D:5:      layout_loops_ring, trog_book,
          nicolae_gozag_cash_rules_everything_around_me, temple_green,
          serial_shops, nicolae_shop_behind_doors
D:6:      hangedman_cross_stitches, layout_loops_cross, serial_shops,
          kennysheep_mini_moat, uniq_blork_the_orc, uniq_duvessa
D:7:      layout_cave_pods
D:8:      minmay_ornate_pinched, layout_loops_ring, xom_teletrap_fun,
          special_room [special_room_orc], nicolae_elevator_lobby_plus
Temple:   nicolae_temple_no_exploring_needed

Skill      XL: |  1  2  3  4  5  6  7  8  9 |
---------------+----------------------------+-----
Unarmed Combat | 4 5 6 7 10 12 | 12.0
Transmutations | 3 5 7 8 |  8.4
Fighting       | 2 3 |  3.8
Dodging        | 7 |  7.0
Spellcasting   | |  2.0
Ice Magic      | |  0.8
Poison Magic   | |  0.1

Action                   |  1- 3 |  4- 6 |  7- 9 | 10-12 || total
-------------------------+-------+-------+-------+-------++-------
Melee: Unarmed           |   115 |   246 |   208 |       ||   569
       Headbutt          |     2 |       |     1 |       ||     3
       Punch             |       |     6 |     6 |       ||    12
 Cast: Beastly Appendage |     2 |       |     1 |       ||     3
       Spider Form       |     1 |     8 |    13 |       ||    22
       Ice Form          |       |       |     9 |       ||     9
 Abil: End Transformatio |       |       |     1 |       ||     1
  Use: Scroll            |     3 |     3 |       |     1 ||     7
       Potion            |       |       |     3 |       ||     3
 Stab: Sleeping          |     3 |     2 |       |       ||     5
Armor: Robe              |    30 |     2 |       |       ||    32
       Leather armour    |       |    75 |    34 |     1 ||   110
       Skin              |       |     8 |    23 |       ||    31
Dodge: Dodged            |    57 |   164 |   183 |     2 ||   406

Table legend: (Time is in decaauts)
 A = Elapsed time spent in this place.
 B = Non-inter-level travel time spent in this place.
 C = Inter-level travel time spent in this place.
 D = Time resting spent in this place.
 E = Time spent auto-exploring this place.
 F = Levels seen in this place.
 G = Mean time per level.
                   A        B        C        D        E       F      G
               +--------+--------+--------+--------+--------+-----+--------+
         Total |   7320 |   6967 |    353 |   1068 |   4329 |   9 |  813.3 |
       Dungeon |   7318 |   6965 |    353 |   1068 |   4329 |   8 |  914.8 |
        Temple |      1 |      1 |      0 |      0 |      0 |   1 |    1.0 |
               +--------+--------+--------+--------+--------+-----+--------+

Top non-repeatable levels by time:
     D:4: 1243 daAuts
     D:6: 1242 daAuts
     D:3: 1004 daAuts
     D:1: 954 daAuts
     D:5: 933 daAuts
     D:2: 783 daAuts
     D:8: 748 daAuts
     D:7: 407 daAuts
  Temple: 1 daAuts
